 Dungeon Crawl Stone Soup version 0.31-a0-1074-g0b22e4e0f1 (webtiles) character file.

Game seed: 7269903194989120163

107 grandjackal the Trooper (level 4, -4/48 HPs)
             Began as an Ogre Warper on Nov 29, 2023.
             Slain by a kobold
             ... wielding a +0 quarterstaff
              (9 damage)
             ... in a sewer.
             The game lasted 00:02:57 (2570 turns).

grandjackal the Trooper (Ogre Warper)               Turns: 2570, Time: 00:02:57

Health: -4/48      AC:  3    Str: 15    XL:     4   Next: 86%
Magic:  9/9        EV:  9    Int: 16    God:
Gold:   295        SH:  0    Dex:  8    Spells: 4/10 levels left

rFire   . . .        n - +2 whip (venom)
rCold   . . .        (no shield)
rNeg    . . .        b - +0 robe
rPois   .            (helmet restricted)
rElec   .            (no cloak)
rCorr   .            (gloves unavailable)
SInv    .            (boots unavailable)
Will    .....        (no amulet)
Stlth   +            (no ring)
HPRegen 0.28/turn    (no ring)
MPRegen 0.11/turn

%: no passive effects
@: no status effects
A: large, unfitting armour, tough skin 1
a: no special abilities


You were in a sewer.
You visited 1 branch of the dungeon, and saw 4 of its levels.
You also visited: Sewer.

You collected 295 gold pieces.

Inventory:

Hand Weapons
 a - a +0 mace
 n - a +2 whip of venom (weapon)
Missiles
 d - 7 darts of dispersal (quivered)
 o - 4 poisoned darts
Armour
 b - a +0 robe (worn)
Wands
 p - a wand of flame (21)
 q - a wand of digging (4)
Scrolls
 c - a scroll of blinking
 e - 2 scrolls of silence {unknown}
 f - a scroll of teleportation {unknown}
 j - a scroll of poison {unknown}
 k - a scroll of identify {unknown}
 m - a scroll of fog {unknown}
 t - a scroll of fear {unknown}
Potions
 g - 2 potions of curing
 h - a potion of enlightenment {unknown}
 i - 2 potions of degeneration {unknown}
 l - a potion of might {unknown}
 r - 2 potions of brilliance {unknown}
 s - a potion of resistance {unknown}
 u - a potion of haste {unknown}


   Skills:
 + Level 4.1 Fighting
 - Level 2.3 Maces & Flails
 - Level 1.0 Throwing
 - Level 2.1 Dodging
 + Level 3.5 Spellcasting
 + Level 3.4 Translocations


You had 4 spell levels left.
You knew the following spells:

 Your Spells              Type           Power      Damage    Failure   Level
a - Blink                 Tloc           26%        N/A       7%          2
b - Manifold Assault      Tloc           13%        N/A       41%         4

Your spell library contained the following spells:

 Spells                   Type           Power      Damage    Failure   Level
 Lesser Beckoning         Tloc           26%        N/A       7%          2
 Teleport Other           Tloc           13%        N/A       13%         3
 Vhi's Electric Charge    Tloc/Air       16%        N/A       65%         4


Dungeon Overview and Level Annotations

Branches:
Dungeon (4/15)              Sewer (1/1)
 Temple: D:4-7

Altars:


Innate Abilities, Weirdness & Mutations

You are too large for most types of armour.
You have tough skin. (AC +1)


Message History

There is a large open door here.
You hit the kobold brigand.
The kobold brigand is poisoned.
The kobold brigand is moderately wounded.
The kobold brigand barely misses you. The kobold barely misses you.
The kobold closely misses you. x2
You closely miss the kobold brigand.
The kobold brigand is moderately wounded.
The kobold brigand hits you with a +0 short sword!
The kobold closely misses you. The kobold hits you with a +0 dagger.
The kobold misses you.
You barely miss the kobold brigand.
The kobold brigand is moderately wounded.
The kobold brigand completely misses you.
The kobold hits you but does no damage. The kobold hits you with a +0 dagger.
The kobold closely misses you.
You barely miss the kobold brigand.
The kobold brigand is lightly wounded.
The kobold brigand hits you with a +0 short sword.
The kobold hits you with a +0 quarterstaff.
The kobold hits you but does no damage. The kobold barely misses you.
You hit the kobold brigand but do no damage.
The kobold brigand looks as sick as possible!
The kobold brigand is moderately wounded.
The kobold brigand hits you with a +0 short sword.
The kobold hits you with a +0 quarterstaff!
* * * LOW HITPOINT WARNING * * *
The kobold hits you with a +0 dagger.
* * * LOW HITPOINT WARNING * * *
The kobold closely misses you.
It was a potion of curing.
You feel better.
The kobold brigand hits you with a +0 short sword.
* * * LOW HITPOINT WARNING * * *
The kobold barely misses you.
The kobold hits you but does no damage. x2
You hit the kobold brigand but do no damage.
The kobold brigand looks as sick as possible!
The kobold brigand is severely wounded.
The kobold brigand hits you with a +0 short sword.
* * * LOW HITPOINT WARNING * * *
The kobold hits you with a +0 quarterstaff!
You die...

#.....~~~#~≈~#~~..##
##....~~P#~≈~#....##
#......~#~~~#...P.#
#......P#~≈~#.....#
#.......#~≈~#P~~..#
##...~.~#~≈~#~~...#
#...~~~#~≈~#P~P..#
###..~~#~≈~~~~K..#
##''##~~~##K@###
#))).#~≈~#..KK#
#....### #.?.)#
#..∩.# #.∩).# #....#
#....# ###### ######


You could see a kobold brigand (extremely poisoned) and 3 kobolds.

Vanquished Creatures
  3 adders
  3 dart slugs
  An orc (D:3)
  8 ball pythons
  4 bats
  9 endoplasms
  6 giant cockroaches
  5 goblins
  7 hobgoblins
  3 jackals (D:2)
  A quokka (D:3)
  3 frilled lizards
  10 kobolds
  5 rats
68 creatures vanquished.

Notes
Turn   | Place    | Note
-------+----------+-------------------------------------------
     0 | D:1      | grandjackal the Ogre Warper began the quest for the Orb.
     0 | D:1      | Reached XP level 1. HP: 22/22 MP: 3/3
   158 | D:1      | Reached XP level 2. HP: 26/29 MP: 5/5
   183 | D:1      | Learned a level 2 spell: Blink
   226 | D:1      | Reached skill level 3 in Fighting
   945 | D:2      | Reached XP level 3. HP: 37/37 MP: 7/7
  1657 | D:3      | Reached XP level 4. HP: 39/46 MP: 8/8
  1664 | D:3      | Learned a level 4 spell: Manifold Assault
  2376 | D:4      | Reached skill level 4 in Fighting
  2390 | D:4      | Found a glowing drain.
  2399 | Sewer    | Entered a sewer
  2558 | Sewer    | Noticed a kobold brigand
  2570 | Sewer    | Slain by a kobold

Illustrated notes

Levels and vault maps discovered:
D:1:      shiori_arrival_maze, layout_loops_corners
D:2:      layout_loops_cross
D:3:      layout_basic
D:4:      layout_loops_ring, nicolae_ossuary_entry_false_entrances,
          mainiacjoe_sewer_entry_somewhere_in_here_1
Sewer:    kennysheep_pipe_town

Skill      XL: |  1  2  3  4 |
---------------+-------------+-----
Fighting       | 3 4 |  4.1
Maces & Flails | 2 |  2.3
Translocations | 3 |  3.4
Spellcasting   | 3 |  3.5
Throwing       | |  1.0
Dodging        | |  2.1

Action                     |  1- 3 |  4- 6 || total
---------------------------+-------+-------++-------
  Melee: Mace              |    78 |       ||    78
         Punch             |     2 |       ||     2
         Whip              |    20 |    84 ||   104
    Use: Potion            |       |     1 ||     1
   Stab: Sleeping          |     1 |       ||     1
 Armour: Robe              |    63 |    79 ||   142
  Dodge: Dodged            |    36 |    47 ||    83

Table legend: (Time is in decaauts)
 A = Elapsed time spent in this place.
 B = Non-inter-level travel time spent in this place.
 C = Inter-level travel time spent in this place.
 D = Time resting spent in this place.
 E = Time spent auto-exploring this place.
 F = Levels seen in this place.
 G = Mean time per level.
                   A        B        C        D        E       F      G
               +--------+--------+--------+--------+--------+-----+--------+
         Total |   2591 |   2507 |     84 |    423 |   1594 |   5 |  518.2 |
       Dungeon |   2420 |   2336 |     84 |    399 |   1547 |   4 |  605.0 |
         Sewer |    170 |    170 |      0 |     24 |     47 |   1 |  170.0 |
               +--------+--------+--------+--------+--------+-----+--------+

Top non-repeatable levels by time:
     D:1: 928 daAuts
     D:2: 695 daAuts
     D:3: 655 daAuts
   Sewer: 170 daAuts
     D:4: 140 daAuts
